Map: Romanticide LE

Players

Harstem - Winner!

  • Race: Protoss Protoss

DnS

  • Race: Protoss Protoss

Event: DreamHack SC2 Masters 2021 Winter

VOD

Have the link to the VOD?

Description

Time

  • Played on: Oct. 10, 2021, 11:04 a.m.
  • Length: 12:25

All games in this series

Show
View Real Time Build Order
Export as new Build Order

Harstem Protoss - Winner!

Build Orders: Blink Stalkers, Dark Templar Rush 

Get SALT Encoding   

  12  0:00  Probe  
  13  0:12  Probe  
  14  0:18  Pylon  
  14  0:24  Probe (Chrono Boost)  
  15  0:36  Gateway, Probe (Chrono Boost)  
  16  0:45  Probe (Chrono Boost)  
  16  0:47  Assimilator  
  17  0:51  Probe  
  17  0:54  Assimilator  
  18  1:03  Probe (Chrono Boost)  
  19  1:08  Gateway  
  19  1:12  Probe (Chrono Boost)  
  19  1:17  Probe (Chrono Boost)  
  21  1:25  Cybernetics Core  
  21  1:29  Probe  
  22  1:37  Pylon  
  22  1:41  Probe  
  23  1:56  Probe  
  24  2:02  Stalker x2  
  24  2:03  Warp Gate  
  28  2:12  Pylon  
  28  2:16  Probe  
  29  2:29  Pylon  
  29  2:32  Sentry  
  29  2:36  Sentry  
  33  2:49  Nexus  
  33  2:52  Probe  
  34  3:02  Twilight Council  
  34  3:05  Probe  
  35  3:12  Pylon  
  35  3:17  Probe  
  36  3:29  Probe  
  37  3:40  Dark Shrine  
  38  3:41  Probe (Chrono Boost)  
  38  3:48  Blink (Chrono Boost)  
  38  3:51  Probe (Chrono Boost)  
  39  3:56  Probe (Chrono Boost)  
  39  4:00  Stalker  
  39  4:02  Probe  
  43  4:05  Shield Battery  
  43  4:08  Stalker  
  43  4:09  Probe  
  46  4:14  Probe  
  47  4:21  Probe  
  48  4:25  Stalker  
  48  4:26  Probe  
  51  4:32  Pylon  
  51  4:33  Probe  
  53  4:38  Probe  
  53  4:40  Stalker  
  53  4:45  Probe  
  56  4:49  Stalker  
  56  4:50  Probe  
  55  4:56  Shield Battery  
  55  4:57  Probe  
  51  5:02  Probe  
  51  5:04  Dark Templar  
  54  5:09  Probe  
  54  5:13  Forge  
  55  5:14  Probe  
  55  5:18  Stalker  
  56  5:21  Probe  
  56  5:26  Probe  
  57  5:34  Probe  
  58  5:39  Probe  
  58  5:41  Nexus  
  59  5:44  Protoss Ground Weapons Level 1 (Chrono Boost)  
  59  5:46  Probe  
  58  5:51  Probe  
  58  5:54  Stalker  
  61  5:58  Assimilator, Probe, Pylon  
  61  6:03  Robotics Facility, Probe  
  63  6:10  Probe (Chrono Boost)  
  64  6:16  Probe (Chrono Boost)  
  65  6:19  Dark Templar  
  65  6:22  Probe (Chrono Boost)  
  68  6:26  Gateway  
  68  6:28  Gateway, Probe (Chrono Boost)  
  68  6:31  Probe (Chrono Boost)  
  70  6:32  Pylon  
  70  6:34  Probe (Chrono Boost)  
  70  6:38  Probe  
  72  6:40  Stalker  
  72  6:43  Shield Battery  
  74  6:50  Observer (Chrono Boost)  
  74  6:51  Probe  
  74  6:52  Charge  
  76  6:54  Probe x2  
  76  6:56  Stalker  
  80  7:03  Probe  
  80  7:06  Probe  
  82  7:09  Probe  
  82  7:13  Gateway  
  82  7:14  Gateway, Assimilator  
  83  7:16  Sentry  
  83  7:17  Assimilator  
  83  7:18  Probe  
  83  7:20  Photon Cannon  
  83  7:21  Probe  
  83  7:22  Probe  
  88  7:25  Stalker  
  88  7:28  Pylon  
  90  7:30  Probe  
  90  7:32  Robotics Bay  
  90  7:34  Probe  
  92  7:40  Probe  
  92  7:43  Probe  
  94  7:52  Probe  
  94  7:54  Robotics Facility, Stalker, Nexus  
  94  7:56  Observer (Chrono Boost)  
  98  8:01  Stalker x2  
  102  8:07  Shield Battery  
  102  8:08  Probe, Pylon  
  102  8:12  Probe  
  104  8:13  Protoss Ground Weapons Level 2  
  104  8:23  Probe x2  
  104  8:24  Probe  
  104  8:25  Disruptor (Chrono Boost)  
  110  8:29  Photon Cannon  
  110  8:39  Disruptor (Chrono Boost)  
  110  8:40  Probe  
  111  8:43  Stalker  
  111  8:44  Probe  
  111  8:45  Pylon  
  111  8:47  Pylon  
  117  8:48  Assimilator  
  117  8:50  Pylon  
  117  9:02  Disruptor (Chrono Boost)  
  117  9:03  Probe  
  117  9:04  Disruptor (Chrono Boost)  
  117  9:07  Probe  
  117  9:08  Stalker x2  
  117  9:09  Probe  
  128  9:11  Gateway  
  128  9:15  Gateway  
  128  9:19  Photon Cannon, Stalker x3, Assimilator  
  128  9:22  Observer, Shadow Stride (Chrono Boost)  
  132  9:27  Probe  
  132  9:28  Observer  
  131  9:35  Zealot x3  
  133  9:45  Stalker x3  
  134  9:48  Disruptor x2 (Chrono Boost)  
  134  9:49  Photon Cannon, Probe  
  143  9:54  Photon Cannon  
  143  9:57  Stalker x2  
  146  10:05  Probe  
  146  10:07  Zealot x2  
  151  10:17  Disruptor, Pylon  
  154  10:29  Nexus, Dark Templar  
  154  10:31  Probe, Pylon  
  154  10:32  Pylon  
  156  10:36  Probe  
  156  10:37  Stalker x3  
  156  10:38  Pylon  
  156  10:40  Pylon  
  156  10:42  Probe  
  164  10:45  Pylon  
  164  10:47  Pylon  
  162  10:54  Stalker x4  
  166  10:58  Observer  
  166  10:59  Observer  
  166  11:03  Zealot x4  
  172  11:25  Zealot x2  
  172  11:26  Zealot x6  
  182  11:33  Disruptor x2  
  182  11:39  Gateway  
  188  11:42  Stargate  
  188  11:54  Gateway  
  184  11:58  Zealot x5  
  184  11:59  Zealot x3  
  198  12:04  Probe  
  197  12:18  Photon Cannon  
  197  12:20  Photon Cannon  
  197  12:21  Photon Cannon  
Show
View Real Time Build Order
Export as new Build Order

DnS Protoss 

Build Orders: Oracle Opening 

Get SALT Encoding   

  12  0:00  Probe  
  13  0:12  Probe  
  14  0:17  Pylon  
  14  0:24  Probe (Chrono Boost)  
  15  0:36  Gateway, Probe (Chrono Boost)  
  16  0:44  Probe (Chrono Boost)  
  16  0:45  Assimilator  
  17  0:51  Probe  
  18  0:58  Assimilator  
  18  1:03  Probe (Chrono Boost)  
  19  1:07  Gateway  
  19  1:13  Probe (Chrono Boost)  
  19  1:17  Probe (Chrono Boost)  
  20  1:25  Cybernetics Core  
  21  1:29  Probe  
  22  1:37  Pylon  
  22  1:41  Probe  
  23  1:55  Probe  
  24  2:01  Stalker, Sentry  
  24  2:03  Warp Gate  
  24  2:07  Probe  
  29  2:13  Pylon  
  29  2:24  Pylon  
  29  2:32  Stargate  
  29  2:40  Stalker  
  31  2:54  Nexus  
  31  3:00  Nexus  
  31  3:07  Shield Battery  
  31  3:09  Probe  
  32  3:15  Oracle (Chrono Boost)  
  35  3:23  Probe  
  36  3:27  Pylon  
  36  3:35  Probe  
  37  3:45  Oracle  
  37  3:47  Probe  
  41  3:55  Adept x2  
  45  4:02  Probe  
  46  4:14  Probe (Chrono Boost)  
  46  4:15  Probe (Chrono Boost)  
  48  4:17  Adept  
  48  4:18  Adept  
  48  4:24  Probe x2 (Chrono Boost)  
  54  4:28  Twilight Council  
  54  4:30  Probe  
  54  4:31  Probe  
  56  4:42  Probe  
  56  4:43  Probe  
  58  4:46  Stalker x2  
  62  4:57  Blink (Chrono Boost)  
  60  5:04  Probe x2  
  59  5:15  Gateway, Forge  
  59  5:18  Stalker  
  59  5:24  Stalker, Probe  
  59  5:25  Probe  
  59  5:27  Pylon  
  59  5:36  Probe  
  59  5:37  Probe  
  61  5:49  Stalker x2  
  64  5:51  Nexus  
  64  5:53  Protoss Ground Weapons Level 1 (Chrono Boost)  
  64  5:54  Probe x2, Pylon  
  66  6:06  Photon Cannon, Assimilator  
  66  6:08  Probe  
  66  6:09  Probe  
  68  6:16  Stalker  
  70  6:20  Probe  
  70  6:21  Probe  
  70  6:22  Shield Battery  
  70  6:24  Robotics Facility  
  72  6:32  Probe  
  73  6:35  Probe, Pylon  
  73  6:37  Pylon  
  74  6:44  Probe  
  74  6:46  Charge  
  74  6:47  Probe  
  76  6:48  Stalker  
  78  6:56  Stalker  
  78  6:59  Probe x2 (Chrono Boost)  
  82  7:03  Gateway  
  82  7:04  Gateway, Probe (Chrono Boost)  
  82  7:05  Gateway  
  83  7:11  Probe (Chrono Boost)  
  83  7:13  Observer, Assimilator  
  83  7:15  Assimilator  
  87  7:16  Probe x2 (Chrono Boost)  
  87  7:18  Probe (Chrono Boost)  
  87  7:21  Probe (Chrono Boost)  
  87  7:22  Probe (Chrono Boost)  
  90  7:24  Pylon  
  90  7:25  Probe  
  91  7:30  Pylon  
  91  7:32  Probe  
  91  7:34  Probe  
  93  7:37  Probe  
  93  7:42  Immortal (Chrono Boost), Protoss Ground Weapons Level 2 (Chrono Boost)  
  94  7:46  Probe, Templar Archives  
  94  7:48  Gateway  
  94  7:50  Gateway  
  94  7:51  Pylon  
  99  8:03  Nexus  
  99  8:07  Pylon  
  99  8:18  Zealot x6  
  110  8:26  Probe x3, Pylon  
  113  8:28  Shield Battery  
  113  8:40  Pylon, High Templar x4  
  113  8:41  Zealot x2  
  121  8:44  Archon x2  
  122  8:51  Warp Prism, Gateway  
  122  8:53  Gateway  
  124  9:06  Zealot x4  
  124  9:09  Probe x2  
  132  9:10  Probe, Pylon x2  
  133  9:18  Zealot x2, High Templar x2  
  133  9:19  Probe  
  133  9:21  Probe  
  143  9:24  Archon  
  139  9:40  Zealot x2, High Templar x2  
  139  9:41  Zealot x2, Probe  
  139  9:42  Probe x2  
  139  9:43  Pylon  
  139  9:44  Photon Cannon, Pylon  
  152  9:47  Archon  
  152  9:52  Phoenix  
  154  9:59  Photon Cannon  
  154  10:00  Photon Cannon  
  154  10:03  Photon Cannon  
  154  10:07  Zealot  
  156  10:15  Assimilator, Stargate  
  156  10:17  Phoenix (Chrono Boost)  
  156  10:19  Stalker  
  156  10:20  Stalker x3  
  162  10:25  Probe x3  
  162  10:41  Phoenix (Chrono Boost)  
  164  10:45  Immortal (Chrono Boost)  
  164  10:48  Pylon  
  148  10:54  Zealot x4  
  148  10:55  Zealot x6  
  160  10:58  Photon Cannon  
  154  11:05  Phoenix (Chrono Boost)  
  154  11:10  Phoenix (Chrono Boost)  
  156  11:20  Zealot x6  
  156  11:21  Zealot x4  
  176  11:31  Phoenix (Chrono Boost)  
  174  11:37  Phoenix (Chrono Boost)  
  176  11:44  Zealot x10  
  196  11:47  Phoenix (Chrono Boost)  
  154  11:59  Phoenix  
  130  12:09  Stalker x5  

Tags
 
Add a new tag
Caveats
  • Supply blocks, unpowered buildings, or Contaminate may cause inaccurate times.
  • Supply counts are checked every 10 seconds.